 Dungeon Crawl Stone Soup version 0.22-a0-252-gcace5d2 (webtiles) character file.

86009 nikopol the Eclecticist (level 15, -13/78 HPs)
             Began as a Deep Elf Fire Elementalist on Feb 28, 2018.
             Was a High Priest of Sif Muna.
             Mangled by a titanic slime creature (47 damage)
             ... on level 14 of the Dungeon on Mar 1, 2018.
             The game lasted 02:37:05 (35792 turns).

nikopol the Eclecticist (DEFE)                     Turns: 35792, Time: 02:37:06

Health: -13/78     AC: 14    Str:  8    XL:     15   Next: 39%
Magic:  16/32      EV: 15    Int: 27    God:    Sif Muna [*****.]
Gold:   1287       SH:  0    Dex: 15    Spells: 14/54 levels left

rFire    . . .     SeeInvis +   D - staff of conjuration
rCold    + + +     Gourm    +   (no shield)
rNeg     . . .     Faith    .   H - +2 robe {MR+}
rPois    .         Spirit   .   U - +2 hat
rElec    .         Reflect  .   L - +0 cloak
rCorr    .         Harm     .   Z - +0 pair of gloves of Ingimoeschy {Str+3 Stlth+}
MR       ++...                  (no boots)
Stlth    ++++......             l - amulet of the gourmand
HPRegen  0.23/turn              o - ring "Wudojaqo" {rC++ MP-9 AC+6 Slay+3 SInv}
MPRegen  0.23/turn              S - ring of protection from cold

@: divine energy
A: no striking features
a: Stop Divine Energy, Channel Magic, Forget Spell, Renounce Religion


You were on level 14 of the Dungeon.
You worshipped Sif Muna.
Sif Muna was extremely pleased with you.
You were completely stuffed.

You visited 3 branches of the dungeon, and saw 21 of its levels.
You also visited: Ossuary and Ice Cave.

You collected 1547 gold pieces.
You spent 260 gold pieces at shops.

Inventory:

Hand Weapons
 z - the +1 falchion of Inference {freeze, rElec MR+}
   (You found it on level 5 of the Dungeon)

   It has been specially enchanted to freeze those struck by it, causing extra
   injury to most foes and up to half again as much damage against particularly
   susceptible opponents.
   It can also slow down cold-blooded creatures.
   It insulates you from electricity.
   It affects your resistance to hostile enchantments.
Armour
 v - a +2 robe of resistance
 H - a +2 robe of magic resistance (worn)
 L - a +0 cloak (worn)
 U - a +2 hat (worn)
 Z - the +0 pair of gloves of Ingimoeschy (worn) {Str+3 Stlth+}
   (You found it on level 6 of the Lair of Beasts)

   It affects your strength (+3).
   It makes you more stealthy.
Magical Staves
 D - an uncursed staff of conjuration (weapon)
Jewellery
 l - an amulet of the gourmand (around neck)
 o - the ring "Wudojaqo" (left hand) {rC++ MP-9 AC+6 Slay+3 SInv}
   (You acquired it on level 12 of the Dungeon)

   [ring of protection]

   It affects your AC (+6).
   It affects your accuracy and damage with ranged weapons and melee attacks
   (+3).
   It greatly protects you from cold.
   It affects your magic capacity (-9).
   It lets you see invisible.
 y - an uncursed ring of stealth
 Q - an uncursed ring of wizardry {unknown}
 R - an uncursed ring of ice
 S - a ring of protection from cold (right hand)
Wands
 p - a wand of paralysis (15)
 x - a wand of random effects (27)
 E - a wand of flame (20)
 F - a wand of scattershot (8)
 G - a wand of enslavement (9)
 J - a wand of iceblast (18)
 P - a wand of polymorph (16)
 X - a wand of disintegration (34)
 Y - a wand of clouds (5)
Scrolls
 a - 3 scrolls of identify
 d - 5 scrolls of enchant armour
 f - 7 scrolls of teleportation
 j - 3 scrolls of fog
 q - a scroll of vulnerability {unknown}
 t - 3 scrolls of immolation
 w - 6 scrolls of enchant weapon
 A - 4 scrolls of remove curse
 K - 5 scrolls of amnesia
 M - a scroll of silence
 N - a scroll of holy word {unknown}
 T - a scroll of brand weapon {unknown}
 V - a scroll of magic mapping
Potions
 c - 3 potions of brilliance
 e - 6 potions of curing
 g - a potion of resistance
 h - a potion of heal wounds
 i - 3 potions of magic
 k - 3 potions of cancellation
 m - 5 potions of invisibility
 n - a potion of mutation
 r - 5 potions of haste
 s - 4 potions of might
 u - a potion of flight
 B - 2 potions of ambrosia
 C - 3 potions of agility
 I - a potion of lignification
Miscellaneous
 O - a lamp of fire
Comestibles
 b - 52 rations
 W - 4 chunks of flesh


   Skills:
 + Level 3.2 Fighting
 + Level 0.4 Long Blades
 + Level 5.5 Dodging
 + Level 5.4 Stealth
 + Level 20.0 Spellcasting
 + Level 15.9 Conjurations
 + Level 3.7 Hexes
 + Level 15.4 Fire Magic
 + Level 1.0 Ice Magic
 + Level 0.7 Evocations


You had 14 spell levels left.
You knew the following spells:

 Your Spells              Type           Power        Failure   Level  Hunger
a - Flame Tongue          Conj/Fire      #####        0%          1    None
b - Throw Flame           Conj/Fire      ######       0%          2    None
c - Conjure Flame         Conj/Fire      ########     0%          3    None
d - Sticky Flame          Conj/Fire      ########     1%          4    None
e - Fireball              Conj/Fire      ########..   1%          5    None
f - Dazzling Spray        Conj/Hex       ######       1%          3    None
g - Blink                 Tloc           N/A          2%          2    None
h - Bolt of Fire          Conj/Fire      ########..   1%          6    #......
i - Ignition              Fire           #######...   17%         8    ######.
j - Bolt of Cold          Conj/Ice       #######...   7%          6    #......


Dungeon Overview and Level Annotations

Branches:
Dungeon (14/15)            Temple (1/1) D:5            Lair (6/6) D:11
 Shoals (0/4) Lair:3        Snake (0/4) Lair:2        Slime (0/5) Lair:6
    Orc (0/2) D:9
 Vaults: D:13-14

Altars:
Ashenzari
Cheibriados
Dithmenos
Elyvilon
Fedhas
Gozag
Hepliaklqana
Kikubaaqudgha
Makhleb
Nemelex Xobeh
Okawaru
Qazlal
Ru
Sif Muna
Trog
Uskayaw
Vehumet
Wu Jian
Xom
Yredelemnul
Zin
The Shining One
Lugonu

Shops:
D:11 :

Annotations:
D:6 exclusion: oklob plant


Message History

Aim: a very large slime creature (flame, severely wounded, covered in liquid flames)
You feel a surge of power!
The flame tongue hits the very large slime creature.
The very large slime creature is severely wounded.
The very large slime creature burns!
The very large slime creature is engulfed in blazing flames.
The very large slime creature hits you!!!
Ouch! That really hurt!
Two slime creatures merge to form an enormous slime creature.
Two slime creatures merge to form a titanic slime creature.
The titanic slime creature burns!
The titanic slime creature stops burning.
The titanic slime creature is engulfed in blazing flames.
The slime creature is engulfed in blazing flames.
The titanic slime creature hits you!!
* * * LOW HITPOINT WARNING * * *
Okay, then.
You feel much better. The titanic slime creature hits you!!!
Ouch! That really hurt!
You die...

#<###########.# #
#.#......p.##.# #
#.#.######.##.### #+ #.#)#
#....... ... #.#.####
#....... .... #......#
#.....p# ..... #...##.#
#...##..
......####...##.###.......
......§JJ@.....(((.).((.(.
......####.<.#.(####((....
..... #..##..# #.#.##.
.... #)###..# #...... ...
#.###..# ###.### #+
#......# #.# #####.## #.#
#.# #.# #.# #.#


You could see a titanic slime creature and a slime creature.

Vanquished Creatures
  A frost giant (IceCv)
  Nessos (D:12)
  7 vault guards (D:14)
  7 hydras
  Fannar (Lair:3)
  A catoblepas (D:13)
  Erica (D:9)
  2 centaur warriors
  4 two-headed ogres
  10 death yaks
  3 tengu warriors
  5 unseen horrors
  A necromancer (Lair:6)
  4 oklob plants (Lair:5)
  2 deep elf magi
  3 ugly things
  2 cyclopes
  A wolf spider (Lair:6)
  A manticore (D:11)
  9 elephants (Lair:6)
  3 black mambas
  12 spiny frogs
  A torpor snail (Lair:6)
  An ice statue (IceCv)
  2 centaur skeletons
  Maurice (D:10)
  A gargoyle (D:13)
  A freezing wraith (D:13)
  5 komodo dragons
  2 rime drakes
  5 trolls
  The ghost of nikopol the Magician, a novice DEFE of Sif Muna (D:5)
  28 polar bears
  A hornet (D:13)
  Grinder (D:5)
  3 blink frogs (Lair:6)
  11 hippogriffs
  4 slime creatures (D:10)
  2 raiju (Lair:6)
  75 yaks
  5 hungry ghosts
  3 wyverns
  2 basilisks
  4 vampire mosquitoes (D:13)
  4 wargs (Lair:6)
  2 nagas (Lair:2)
  A soldier ant (D:13)
  An acid dragon (D:12)
  12 water moccasins
  15 hell hounds (Lair:6)
  6 ice beasts
  2 porcupines
  8 orc warriors
  3 phantoms
  3 sky beasts
  14 black bears
  2 ogres
  3 necrophages
  35 wolves
  13 centaurs
  11 crocodiles
  2 big kobolds (D:10)
  13 bullfrogs
  5 water moccasin zombies (Ossuary)
  A wyvern skeleton (D:7)
  3 scorpions
  A water moccasin skeleton (D:11)
  6 killer bees
  A howler monkey (D:11)
  20 wights
  4 electric eels (Lair:6)
  9 crimson imps
  A quasit (D:5)
  2 centaur zombies
  A gnoll shaman (D:8)
  8 orc priests
  13 hounds
  5 jellies
  13 orc wizards
  2 bullfrog skeletons
  6 iguanas
  Ijyb (D:3)
  2 hell rats (Lair:2)
  6 worker ants
  3 yak simulacra (Lair:6)
  A polar bear simulacrum (Lair:6)
  2 wolf simulacra (Lair:6)
  A big kobold zombie (Ossuary)
  2 hound zombies (D:6)
  A hound skeleton (D:8)
  2 mummies (Ossuary)
  2 worker ant zombies
  A howler monkey zombie (D:9)
  5 gnolls (D:8)
  11 river rats (Lair:2)
  16 adders
  4 shadow imps
  An ooze (D:3)
  2 adder zombies (Ossuary)
  2 adder skeletons
  A worm (D:2)
  A dart slug (D:2)
  2 leopard geckos
  53 orcs
  A ball python (D:3)
  2 giant cockroaches
  14 goblins
  8 hobgoblins
  5 quokkas
  8 bats
  6 frilled lizards
  2 giant cockroach zombies (D:5)
  5 gnoll zombies (Ossuary)
  4 hobgoblin zombies (Ossuary)
  18 kobolds
  4 kobold zombies (Ossuary)
  A leopard gecko skeleton (D:7)
  4 orc zombies (Ossuary)
  3 quokka skeletons
  2 quokka zombies
  14 rats
  5 river rat simulacra (Lair:6)
  2 bushes (D:6)
  2 fungi (D:6)
  11 plants
734 creatures vanquished.

Vanquished Creatures (others)
  An orc zombie (Ossuary)
  A bush (D:10)
  9 fungi
  24 plants
35 creatures vanquished.

Grand Total: 769 creatures vanquished

Notes
Turn   | Place    | Note
-------+----------+-------------------------------------------
     0 | D:1      | nikopol the Deep Elf Fire Elementalist began the quest for the Orb.
     0 | D:1      | Reached XP level 1. HP: 10/10 MP: 6/6
   461 | D:1      | Reached XP level 2. HP: 15/15 MP: 6/8
   466 | D:1      | Learned a level 2 spell: Throw Flame
   892 | D:2      | Found a white marble altar of Elyvilon.
   922 | D:2      | Reached XP level 3. HP: 19/19 MP: 2/10
  1350 | D:2      | Reached XP level 4. HP: 17/24 MP: 0/11
  1464 | D:2      | Reached skill level 4 in Spellcasting
  1558 | D:2      | Found a bloodstained altar of Trog.
  1608 | D:2      | Found a sparkling altar of Nemelex Xobeh.
  1755 | D:2      | Learned a level 3 spell: Conjure Flame
  1760 | D:2      | Learned a level 4 spell: Sticky Flame
  2470 | D:3      | Reached XP level 5. HP: 28/28 MP: 3/13
  2659 | D:3      | Reached skill level 5 in Spellcasting
  2771 | D:3      | Found a transporter.
  2771 | D:3      | Found a transporter.
  3107 | D:3      | Found an opulent altar of Gozag.
  3121 | D:3      | Noticed Ijyb
  3145 | D:3      | Paralysed by Ijyb for 6 turns
  3154 | D:3      | Paralysed by Ijyb for 6 turns
  3160 | D:3      | Killed Ijyb
  3805 | D:4      | Noticed a black bear
  3910 | D:4      | Found an iron altar of Okawaru.
  3924 | D:4      | Reached XP level 6. HP: 32/32 MP: 5/16
  4105 | D:4      | Found a sand-covered staircase.
  4112 | Ossuary  | Entered an ossuary
  4331 | Ossuary  | Reached skill level 6 in Spellcasting
  4423 | Ossuary  | Reached XP level 7. HP: 18/36 MP: 7/18
  4634 | Ossuary  | Reached skill level 5 in Fire Magic
  5118 | D:4      | Reached skill level 7 in Spellcasting
  5118 | D:4      | Reached skill level 5 in Conjurations
  5554 | D:4      | Found a shadowy altar of Dithmenos.
  5571 | D:4      | Found a stormy altar of Qazlal.
  5827 | D:5      | Entered Level 5 of the Dungeon
  5834 | D:5      | Learned a level 5 spell: Fireball
  5838 | D:5      | Learned a level 3 spell: Dazzling Spray
  5926 | D:5      | Reached XP level 8. HP: 41/41 MP: 16/21
  5953 | D:5      | Noticed nikopol's ghost (novice DEFE)
  5960 | D:5      | Killed nikopol's ghost
  5960 | D:5      | Reached skill level 8 in Spellcasting
  6189 | D:5      | Found a sacrificial altar of Ru.
  6317 | D:5      | Found a staircase to the Ecumenical Temple.
  6322 | Temple   | Entered the Ecumenical Temple
  6401 | D:5      | Got a crystal falchion
  6402 | D:5      | Identified the +1 falchion of Inference {freeze, rElec MR+} (You found it on level 5 of the Dungeon)
  6515 | D:5      | Noticed Grinder
  6523 | D:5      | Killed Grinder
  6670 | D:5      | Found a burning altar of Makhleb.
  6723 | D:5      | Found a deep blue altar of Sif Muna.
  6726 | D:5      | Became a worshipper of Sif Muna the Loreminder
  6804 | D:6      | Reached skill level 9 in Spellcasting
  7137 | D:6      | Reached * piety under Sif Muna
  7137 | D:6      | Reached XP level 9. HP: 39/45 MP: 17/24
  7279 | D:6      | Noticed a deep elf mage
  7283 | D:6      | Killed a deep elf mage
  7283 | D:6      | Reached skill level 10 in Spellcasting
  7666 | D:6      | Found a blossoming altar of Fedhas.
  7688 | D:6      | Noticed an oklob plant
  9073 | D:7      | Found a blossoming altar of Fedhas.
  9083 | D:6      | Reached skill level 1 in Fighting
  9740 | D:7      | Reached ** piety under Sif Muna
  9745 | D:7      | Reached XP level 10. HP: 50/52 MP: 16/26
  9792 | D:7      | Reached skill level 11 in Spellcasting
 10213 | D:8      | Noticed a two-headed ogre
 10216 | D:8      | Killed a two-headed ogre
 10533 | D:8      | Found an iron altar of Okawaru.
 10574 | D:8      | Found a snail-covered altar of Cheibriados.
 11450 | D:9      | Noticed a cyan ugly thing
 11458 | D:9      | Killed a cyan ugly thing
 11591 | D:9      | Found a glowing golden altar of the Shining One.
 11593 | D:9      | Noticed an angel
 11642 | D:9      | Reached skill level 12 in Spellcasting
 11825 | D:9      | Reached *** piety under Sif Muna
 11825 | D:9      | Reached skill level 10 in Conjurations
 11829 | D:9      | Reached skill level 1 in Hexes
 12222 | D:9      | Found a staircase to the Orcish Mines.
 12463 | D:9      | Noticed Erica
 12471 | D:9      | Killed Erica
 12563 | D:9      | Found an ornate altar of the Wu Jian Council.
 12736 | D:9      | Found a basalt altar of Yredelemnul.
 12746 | D:9      | Noticed a profane servitor
 12820 | D:10     | Entered Level 10 of the Dungeon
 12826 | D:10     | Reached XP level 11. HP: 56/56 MP: 14/29
 12835 | D:10     | Noticed a two-headed ogre
 13253 | D:10     | Killed a two-headed ogre
 13253 | D:10     | Reached skill level 13 in Spellcasting
 13433 | D:10     | Reached **** piety under Sif Muna
 13783 | D:10     | Noticed Maurice
 13786 | D:10     | Killed Maurice
 13786 | D:10     | Reached skill level 10 in Fire Magic
 14062 | D:10     | Killed an unseen horror
 14191 | D:10     | Got an ancient dagger
 14192 | D:10     | Identified the +7 dagger "Goblinbane" {pain, rC+ Stlth+} (You found it on level 10 of the Dungeon)
 14545 | D:10     | Reached skill level 14 in Spellcasting
 14836 | D:11     | Found Unyamiruomm's Book Boutique.
 14837 | D:11     | Noticed an unseen horror
 14841 | D:11     | Killed an unseen horror
 14872 | D:11     | Bought a book of Minor Magic for 260 gold pieces
 14875 | D:11     | Learned a level 2 spell: Blink
 14959 | D:11     | Killed an unseen horror
 15241 | D:11     | Reached ***** piety under Sif Muna
 15376 | D:11     | Noticed a cyan ugly thing
 15379 | D:11     | Killed a cyan ugly thing
 15441 | D:11     | Received a gift from Sif Muna
 15448 | D:11     | Noticed a two-headed ogre
 15462 | D:11     | Killed a two-headed ogre
 15498 | D:11     | Noticed a two-headed ogre
 15512 | D:11     | Killed a two-headed ogre
 15512 | D:11     | Reached skill level 15 in Spellcasting
 15718 | D:11     | Reached XP level 12. HP: 61/61 MP: 26/33
 16397 | D:11     | Found a staircase to the Lair.
 16922 | Lair:1   | Entered Level 1 of the Lair of Beasts
 17045 | Lair:1   | Noticed a seven-headed hydra
 17051 | Lair:1   | Killed a seven-headed hydra
 18107 | Lair:2   | Reached skill level 16 in Spellcasting
 18254 | Lair:2   | Identified Sif Muna's Tome of Changing and Dislocation (Sif Muna gifted it to you on level 2 of the Lair of Beasts)
 18254 | Lair:2   | Received a gift from Sif Muna
 18778 | Lair:2   | Found a staircase to the Snake Pit.
 18797 | Lair:2   | Noticed a seven-headed hydra
 18998 | Lair:2   | Killed a seven-headed hydra
 19173 | Lair:3   | Found a staircase to the Shoals.
 19221 | Lair:3   | Noticed a seven-headed hydra
 19231 | Lair:3   | Killed a seven-headed hydra
 19406 | Lair:3   | Found a frozen archway.
 19429 | IceCv    | Entered an ice cave
 19540 | IceCv    | Reached skill level 5 in Stealth
 19637 | IceCv    | Reached XP level 13. HP: 66/66 MP: 24/35
 20800 | IceCv    | Reached skill level 17 in Spellcasting
 21236 | IceCv    | Noticed a frost giant
 21856 | IceCv    | Killed a frost giant
 21897 | IceCv    | Upgraded the game from 0.22-a0-248-gc8378ba to 0.22-a0-252-gcace5d2
 22302 | IceCv    | Got a pair of shimmering boots
 22319 | IceCv    | Identified the cursed -2 pair of boots of Ussouf {rN+ Str+7} (You found it in an ice cave)
 22909 | Lair:3   | Noticed Fannar
 22912 | Lair:3   | Killed Fannar
 23410 | Lair:4   | Identified Weumor's Incunabulum of Attacks (Sif Muna gifted it to you on level 4 of the Lair of Beasts)
 23410 | Lair:4   | Received a gift from Sif Muna
 25216 | Lair:5   | Got a warped ivory amulet
 25363 | Lair:5   | Reached skill level 18 in Spellcasting
 25451 | Lair:5   | Reached XP level 14. HP: 72/72 MP: 5/38
 26785 | Lair:6   | Entered Level 6 of the Lair of Beasts
 26963 | Lair:6   | Identified Zossovug's Reference Book on the Damaging Volcanoes (Sif Muna gifted it to you on level 6 of the Lair of Beasts)
 26963 | Lair:6   | Received a gift from Sif Muna
 27495 | Lair:6   | Reached skill level 5 in Dodging
 28145 | Lair:6   | Learned a level 6 spell: Bolt of Fire
 28332 | Lair:6   | Reached skill level 19 in Spellcasting
 28723 | Lair:6   | Found a staircase to the Slime Pits.
 28812 | Lair:6   | Reached skill level 15 in Conjurations
 30116 | Lair:6   | Identified Sif Muna's Volume of Ashen Combat Magic (Sif Muna gifted it to you on level 6 of the Lair of Beasts)
 30116 | Lair:6   | Received a gift from Sif Muna
 31119 | Lair:6   | Got a pair of heavily runed gloves
 31130 | Lair:6   | Identified the +0 pair of gloves of Ingimoeschy {Str+3 Stlth+} (You found it on level 6 of the Lair of Beasts)
 31139 | Lair:6   | Identified the amulet of Reynix {Inacc Dex+7} (You found it on level 5 of the Lair of Beasts)
 31460 | Lair:6   | Learned a level 8 spell: Ignition
 31467 | Lair:6   | Learned a level 6 spell: Bolt of Cold
 32192 | D:12     | Noticed Nessos
 32196 | D:12     | Killed Nessos
 32266 | D:12     | Identified 2 scrolls of acquirement
 32268 | D:12     | Got a coiled wooden ring
 32270 | D:12     | Identified the ring "Wudojaqo" {rC++ MP-9 AC+6 Slay+3 SInv} (You acquired it on level 12 of the Dungeon)
 33036 | D:13     | Reached skill level 15 in Fire Magic
 33036 | D:13     | Reached XP level 15. HP: 77/77 MP: 21/40
 33099 | D:13     | Reached skill level 1 in Ice Magic
 33861 | D:13     | Received a gift from Sif Muna
 35406 | D:14     | Reached skill level 20 in Spellcasting
 35792 | D:14     | Mangled by a titanic slime creature

Vault maps used:
D:1:      matt_arrival_diagonals, grunt_decor_clamped
D:2:      lemuel_doored_altar, lemuel_coloured_pillars_altar,
          nemelex_diamond_rough_becter
D:3:      gammafunk_wand_slinger, grunt_gozag_statues, uniq_ijyb
D:4:      okawaru_ov_weapons_minmay, grunt_dithmenos_smoke_and_mirrors,
          nicolae_qazlal_eye_of_the_storm, nicolae_ossuary_entry_monument
D:5:      lemuel_blue_sif_altar, makhleb_blood_cavern_becter,
          hangedman_ru_absence, minmay_temple_entry_butterflies, serial_curves,
          eino_curves_03, eino_curves_01, eino_curves_02, eino_curves_02,
          first_ration, uniq_grinder
D:6:      tgw_fedhas, guppyfry_early_elven_hall
D:7:      basic_altar, grunt_ogre_cave
D:8:      kennysheep_blocky_hall, lemuel_crystal_altar, basic_altar,
          enter_bailey_7
D:9:      grunt_temple_overflow_holy_war, lemuel_crystal_altar, david_orc_4,
          feat_on_display, uniq_erica
D:10:     kb_lookout_dungeons_type, uniq_maurice
D:11:     lair_entry_dummy, serial_shops, nicolae_shop_statue_plus
D:12:     grunt_decor_mini_mirrors, uniq_nessos
D:14:     erik_vaults_2
Temple:   corrupted_temple
Lair:1:   cheibrodos_lair_reptile_den, grunt_megastairs_2
Lair:2:   minmay_snake_entry_guardpost_small, kennysheep_rathole,
          infiniplex_staircase_pool_2
Lair:3:   elwin_shoals_entry_rocks, portal_ice_cave_entry_pillars_1, uniq_fannar
Lair:5:   minmay_lair_oklob_chamber
Lair:6:   hangedman_lair_caniforms_friends, slime_dummy, serial_bayou,
          serial_bayou_shore_a, serial_bayou_pond_a, serial_bayou_pond_c,
          serial_bayou_pond_c, eino_house_with_fridge
Ossuary:  ossuary_tomb_2
IceCv:    ice_cave_caverns_01

Skill      XL: |  1  2  3  4  5  6  7  8  9 10 11 12 13 14 15 |
---------------+----------------------------------------------+-----
Conjurations   | 2 3 4 5 7 9 10 11 13 14 15 | 15.9
Fire Magic     | 4 6 7 8 9 10 12 13 15 | 15.4
Spellcasting   | 4 5 6 7 9 10 12 15 16 18 19 20 | 20.0
Stealth        | 3 4 5 |  5.4
Dodging        | 3 4 5 |  5.5
Fighting       | 1 2 3 |  3.2
Hexes          | 1 3 |  3.7
Ice Magic      | 1 |  1.0
Long Blades    | |  0.4
Evocations     | |  0.7

Action                   |  1- 3 |  4- 6 |  7- 9 | 10-12 | 13-15 || total
-------------------------+-------+-------+-------+-------+-------++-------
Melee: Dagger            |       |     1 |       |       |       ||     1
       Falchion          |       |       |     1 |       |       ||     1
       Staff             |       |       |       |     2 |     1 ||     3
 Cast: Flame Tongue      |    71 |   144 |   214 |   376 |   502 ||  1307
       Throw Flame       |     1 |     3 |    27 |    72 |   100 ||   203
       Conjure Flame     |       |     7 |     6 |    16 |    36 ||    65
       Sticky Flame      |       |     1 |    22 |    48 |    81 ||   152
       Dazzling Spray    |       |       |     4 |    39 |    39 ||    82
       Fireball          |       |       |    12 |    73 |   159 ||   244
       Bolt of Fire      |       |       |       |       |    21 ||    21
       Bolt of Cold      |       |       |       |       |     8 ||     8
Invok: Divine Energy     |       |       |       |       |     1 ||     1
Evoke: Wand              |       |       |     1 |       |    14 ||    15
  Use: Scroll            |       |     8 |     8 |    10 |    11 ||    37
       Potion            |       |       |       |       |     6 ||     6
  Eat: Chunk             |     1 |    17 |    28 |    36 |    50 ||   132
Armor: Robe              |     4 |    10 |    16 |    20 |    43 ||    93
Dodge: Dodged            |    14 |    28 |    48 |    67 |   128 ||   285
       Rpst.: Falchion   |       |       |    10 |       |       ||    10

Table legend:
 A = Spawn XP
 B = Non-spawn XP
 C = Spawn XP percentage of total XP
 D = Spawn monster count
 E = Non-spawn monster count
 F = Spawn count percentage of total count
 G = Total turns spent on level
                    A         B        C        D         E        F      G
               +---------+---------+-------+---------+---------+-------+---------
         Total |       0 |  122870 |   0.0 |       0 |     718 |   0.0 | 35792
               +---------+---------+-------+---------+---------+-------+---------
           D:1 |       0 |      22 |   0.0 |       0 |      15 |   0.0 |   820
           D:2 |       0 |     111 |   0.0 |       0 |      32 |   0.0 |  1298
           D:3 |       0 |     365 |   0.0 |       0 |      40 |   0.0 |  2054
           D:4 |       0 |     410 |   0.0 |       0 |      13 |   0.0 |   701
           D:5 |       0 |     839 |   0.0 |       0 |      13 |   0.0 |  1061
           D:6 |       0 |    1825 |   0.0 |       0 |      23 |   0.0 |  2365
           D:7 |       0 |    1735 |   0.0 |       0 |      30 |   0.0 |   818
           D:8 |       0 |    1921 |   0.0 |       0 |      27 |   0.0 |  1374
           D:9 |       0 |    2984 |   0.0 |       0 |      33 |   0.0 |  1787
          D:10 |       0 |    5665 |   0.0 |       0 |      43 |   0.0 |  1668
          D:11 |       0 |    8502 |   0.0 |       0 |      38 |   0.0 |  2082
          D:12 |       0 |    4017 |   0.0 |       0 |      21 |   0.0 |   937
          D:13 |       0 |    9254 |   0.0 |       0 |      45 |   0.0 |  1756
          D:14 |       0 |   10910 |   0.0 |       0 |      22 |   0.0 |  1014
        Lair:1 |       0 |    5184 |   0.0 |       0 |      26 |   0.0 |  1271
        Lair:2 |       0 |    5558 |   0.0 |       0 |      38 |   0.0 |   963
        Lair:3 |       0 |    3017 |   0.0 |       0 |       7 |   0.0 |  1174
        Lair:4 |       0 |    5094 |   0.0 |       0 |      21 |   0.0 |  1798
        Lair:5 |       0 |   14244 |   0.0 |       0 |      30 |   0.0 |  2456
        Lair:6 |       0 |   26746 |   0.0 |       0 |     121 |   0.0 |  4270
       Ossuary |       0 |     484 |   0.0 |       0 |      26 |   0.0 |   954
         IceCv |       0 |   13983 |   0.0 |       0 |      54 |   0.0 |  3122
               +---------+---------+-------+---------+---------+-------+---------
